[Event "Early-Titled-Tuesday-Blitz-March-05-2024"]
[Site "Chess.com"]
[Date "2024.03.05"]
[Round "1"]
[White "Grandelicious"]
[Black "whiteglovethief"]
[Result "1-0"]
[WhiteElo "2900"]
[BlackElo "2483"]
[TimeControl "180+1"]
[EndTime "8:09:25 PST"]
[Termination "Grandelicious won on time"]

1. Nf3 Nf6 2. c4 e6 3. b3 d5 4. Bb2 c5 5. cxd5 Nxd5 6. g3 Nc6 7. Bg2 Be7 8. Bxg7 Bf6 9. Bxf6 Qxf6 10. Na3 Bd7 11. Rc1 b6 12. Nb5 Ke7 13. Nc3 Nxc3 14. dxc3 Rad8 15. Qd2 Ne5 16. Qe3 Nxf3+ 17. Bxf3 Bb5 18. O-O h5 19. b4 c4 20. a4 Bxa4 21.
Ra1 b5 22. Qxa7+ Kf8 23. Qc5+ Kg7 24. h4 Rh6 25. Kg2 Rg6 26. Rac1 Qxh4 27. Rh1 Qg5 28.
Rxh5 Qxc1 29. Qe5+ Kf8 30. Rh8+ Ke7 31. Qc5+ Rd6 32.
Qc7+ Rd7 33. Qc5+ Rd6 34. Rd8 Kxd8 35. Qxd6+ Kc8 36. Qf8+ Kc7 37. Qxf7+ Kd6 38. Qxg6 Qxc3 39. Qh7 Qxb4 40. g4 Qc5 41. Qg7 Qe5 42. Qf8+ Kd7 43.
Qf7+ Kd8 44. Qg8+ Kc7 45. g5 c3 46. Qf7+ Kb6 47. g6 Ka5 48. g7 c2 49. g8=Q c1=Q 50.
Qa8+ Kb4 51. Qaf8+ Qec5 52. Qxc5+ Qxc5 53. Qxe6 Kc3 54.
Qa2 Qd4 55. Qa1+ Kc4 56. Qc1+ Qc3 57. Qf4+ Kc5 58. Qc7+ Kb4 59. Qe7+ Kb3 60. Bd5+ Kb2 61. f4 b4 62. f5 Bc6 63. Bxc6 Qxc6+ 64. Kg3 b3 65. f6 Qc3+ 66. Kf4 Kc2 67. f7 b2 68. Qe4+ Kc1 69. f8=Q b1=Q 70. Qxb1+ Kxb1 71. Qe7 Kc2 72. Qe4+ Kd2 73. e3 Ke2 74. Qf3+ Ke1 75.
Qg3+ Ke2 76. Qf3+ Ke1 77. e4 Qf6+ 78. Kg3 Qg5+ 79. Kh3 Qh6+ 80. Kg4 Qg6+ 81. Kh4 Qh6+ 82. Kg3 Qg5+ 83. Qg4 Qe3+ 84. Kg2 Qd2+ 85. Kh3 Qe3+ 86. Qg3+ Kf1 87. e5 Qh6+ 88. Kg4 Qg6+ 89. Kf4 Qh6+ 90. Qg5 1-0

[Event "Early-Titled-Tuesday-Blitz-March-05-2024"]
[Site "Chess.com"]
[Date "2024.03.05"]
[Round "1"]
[White "GreenPeach24"]
[Black "AradNazari"]
[Result "0-1"]
[WhiteElo "2463"]
[BlackElo "2847"]
[TimeControl "180+1"]
[EndTime "8:09:30 PST"]
[Termination "AradNazari won on time"]

1. d4 Nf6 2. Nf3 c6 3. Bf4 Na6 4. e3 Nc7 5. c4 d5 6. Nc3 h6 7. h3 Bf5 8. Qb3 b6 9. Rc1 Rc8 10. Qa4 Qd7 11. Qxa7 dxc4 12. Bxc4 b5 13. Ne5 bxc4 14.
Nxd7 Kxd7 15. Na4 Nd5 16. Nc5+ Kd8 17. Rxc4 Nxf4 18. exf4 e6 19. Nb7+ Kd7 20. Na5 Be4 21.
Qb6 Nd5 22. Qb7+ Rc7 23. Qb3 Bxg2 24. Rg1 Be4 25. a3 g6 26. Nb7 Nxf4 27. Ra4 Bd5 28.
Qb6 Be7 29. Ra7 Rhc8 30. Kd2 Ke8 31. Nc5 Rxa7 32. Qxa7 Kf8 33. b4 Rd8 34. Nd7+ Kg7 35. Ne5 Kf8 36. Ke3 g5 37. h4 Ng2+ 38. Ke2 gxh4 39.
f3 h3 40. Kf2 Nf4 41. Rh1 h5 42. Kg3 Ng6 43. Nxg6+ fxg6 44. Kxh3 g5 45. Kg3 Bd6+ 46. Kg2 h4 47. Kf2 Bg3+ 48. Ke3 g4 49. Qh7 Bxf3 50. Rxh4 Bxh4 51. Qxh4 Rd5 52. Qf6+ Ke8 53. Qxe6+ Kd8 54.
Qf6+ Kc7 55. Qf4+ Kb6 56. Qb8+ Ka6 57. a4 Rd7 58. Qc8+ Rb7 59. Kf4 Ka7 60. Ke5 Rxb4 61. Kd6 Rxd4+ 62. Kc7 Rb4 63. a5 c5 64. Qf5 Rb7+ 65. Kd6 Rb5 66. Qd7+ Ka6 67. Qc8+ Kxa5 68. Qc7+ Kb4 69. Qg7 c4 70. Qb2+ Ka5 71. Qa3+ Kb6 72. Qe3+ Kb7 73. Qe7+ Ka6 74. Qe3 Rb6+ 75. Kc5 Rc6+ 76.
Kb4 c3 77. Qd3+ Ka7 78. Qd4+ Kb7 79. Qd7+ Ka6 80. Qd3+ Ka7 81. Qd7+ Kb8 82. Qd8+ Kb7 83. Qd7+ Rc7 84. Qb5+ Ka8 85. Qa6+ Kb8 86. Qd6 c2 87. Qd8+ Kb7 0-1

[Event "Early-Titled-Tuesday-Blitz-March-05-2024"]
[Site "Chess.com"]
[Date "2024.03.05"]
[Round "1"]
[White "RobertoJBM"]
[Black "Der_Balak_3Halak"]
[Result "1-0"]
[WhiteElo "2851"]
[BlackElo "2468"]
[TimeControl "180+1"]
[EndTime "8:09:31 PST"]
[Termination "RobertoJBM won by checkmate"]

1. d4 d5 2. Nf3 Nc6 3. e3 Bf5 4. Bd3 Bxd3 5. Qxd3 e6 6. Qb5 Bd6 7. Qxb7 Nge7 8. Qa6 O-O 9. Qe2 Nf5 10. c3 Rb8 11. Nbd2 g5 12. e4 Ng7 13. e5 Be7 14. Nf1 f5 15.
exf6 Bxf6 16. Ng3 h5 17. Be3 g4 18. Ng1 e5 19. dxe5 Nxe5 20. O-O-O Nc4 21. Qxc4 dxc4 22. Rxd8 Rfxd8 23. N1e2 Rd7 24. Ne4 Kf7 25. Kc2 Nf5 26. Bc1 Rbd8 27. N2g3 Kg6 28. Nxf5 Kxf5 29. Re1 Be7 30. Ng3+ Kg6 31. Re6+ Kf7 32. Re1 Kg6 33. Re6+ Bf6 34. Rc6 Rd6 35. Rxc4 Bg5 36. Bxg5 Kxg5 37. Ne4+ Kg6 38. Nxd6 cxd6 39. Rd4 d5 40. Rd2 Kf5 41. Kd3 Kf4 42. Kd4 Rc8 43. b3 h4 44. Rd3 Re8 45.
Re3 Re4+ 46. Rxe4+ dxe4 47. c4 h3 48. gxh3 gxh3 49.
c5 Kf3 50. c6 e3 51. fxe3 Kg2 52. c7 Kxh2 53. c8=Q Kg2 54. Qxh3+ Kxh3 55. e4 Kg4 56. Kd5 Kf4 57. e5 Kf5 58. Kd6 a5 59. e6 a4 60.
bxa4 Ke4 61. e7 Kd4 62. e8=Q Kc4 63. Qb5+ Kd4 64. Kd7 Kc3 65. Ke6 Kd4 66. Ke7 Ke4 67. Kf6 Kf4 68. Kf7 Ke4 69. Kg6 Kf4 70. Kg7 Ke4 71. Kh6 Kf4 72. Kh7 Ke4 73. Kh8 Kf4 74.
Kg8 Ke4 75. Kf8 Kf4 76. Ke8 Ke4 77. Kd8 Kf4 78. Kc7 Ke4 79. Kb6 Kf4 80. Ka5 Ke4 81.
Qd7 Kf4 82. Kb4 Ke4 83. Kb3 Kf4 84. Kb2 Ke4 85. Kb1 Kf4 86. Kc2 Ke4 87. Kc1 Kf4 88. Qd8 Ke4 89. Kc2 Kf4 90. Kc3 Ke4 91. a3 Kf4 92.
Kb2 Ke4 93. Kc2 Kf4 94. Kb3 Ke4 95. Kb4 Kf4 96. Kc4 Ke4 97. Kb5 Kf4 98. Kc5 Ke4 99.
Kb6 Kf4 100. Kc6 Ke4 101. Kc7 Kf4 102. Qd7 Ke4 103. Kd8 Kf4 104. Ke8 Ke4 105. Qc6+ Kf4 106. Ke7 Kg5 107. a5 Kf4 108. a6 Kg5 109. a7 Kf4 110. a8=Q Kg5 111. a4 Kf4 112. a5 Kg5 113. Qab7 Kf4 114. a6 Ke5 115. a7 Kd4 116. a8=N Ke5 117. Qbb5+ Kd4 118. Qcc4+ Ke3 119.
Qbb3+ Kd2 120. Qcc2+ Ke1 121. Qbb2 Kf1 122. Nb6 Ke1 123. Nd5 Kf1 124. Ke6 Ke1 125. Ke5 Kf1 126. Qbb1# 1-0

[Event "Early-Titled-Tuesday-Blitz-March-05-2024"]
[Site "Chess.com"]
[Date "2024.03.05"]
[Round "1"]
[White "isaak2009"]
[Black "cthulhuuu"]
[Result "1/2-1/2"]
[WhiteElo "2751"]
[BlackElo "2442"]
[TimeControl "180+1"]
[EndTime "8:09:42 PST"]
[Termination "Game drawn - insufficient material"]

1. d4 Nf6 2. c4 e5 3. dxe5 Ng4 4. e4 Nxe5 5. Be2 Bc5 6. Nf3 Nxf3+ 7. Bxf3 Nc6 8. O-O d6 9. Nc3 O-O 10. a3 a5 11. Re1 Ne5 12. Be2 Be6 13. b3 Qf6 14.
Rf1 Nxc4 15. Qc2 Ne5 16. Bb2 Qh4 17. Nd5 Bxd5 18. exd5 Rae8 19. g3 Qh3 20. Rae1 f5 21. b4 axb4 22. axb4 Bxb4 23. Rb1 Bc5 24. Bxe5 Rxe5 25.
Bf3 f4 26. Bg2 Qg4 27. Qc4 h5 28. h3 Qxg3 29. Qxc5 Qxg2+ 30. Kxg2 dxc5 31. Rxb7 f3+ 32. Kh2 Rxd5 33. Rxc7 Rg5 34. Rg1 Rff5 35. Rc8+ Kh7 36. h4 Rxg1 37. Kxg1 Rf4 38. Rxc5 Rg4+ 39. Kh2 Rxh4+ 40.
Kg3 Rg4+ 41. Kxf3 Kh6 42. Rc6+ Rg6 43. Rc8 Rf6+ 44. Kg3 g5 45. Rh8+ Kg6 46. Rg8+ Kf5 47. Rh8 h4+ 48. Kg2 Kg4 49. Rg8 h3+ 50. Kg1 Rf5 51.
Rg7 Kh4 52. Rh7+ Kg4 53. Rg7 Rc5 54. Rf7 Rc1+ 55. Kh2 Rc3 56. Kg1 Rf3 57. Rh7 Rf4 58.
Rh8 Rf3 59. Rh7 Ra3 60. Rh8 Kf4 61. Rf8+ Kg4 62. Rh8 Ra1+ 63. Kh2 Ra2 64. Kg1 Ra3 65. Rh7 Rf3 66. Rh8 Kf4 67. Rf8+ Ke4 68. Re8+ Kf5 69. Rf8+ Kg4 70. Rh8 Kf4 71. Rf8+ Ke4 72. Re8+ Kf4 73. Rg8 g4 74. Rf8+ Ke4 75. Re8+ Kf5 76. Rf8+ Ke4 77.
Re8+ Kd3 78. Rd8+ Ke2 79. Re8+ Kd2 80. Rd8+ Rd3 81. Rg8 Rd4 82. Re8 Kd3 83. Rg8 Re4 84. Kh2 Ke2 85. Kg3 h2 86. Kxh2 Kxf2 87. Rf8+ Ke3 88. Kg3 Ke2 89. Rf6 Ke3 90. Ra6 Kd4 91. Ra4+ Ke5 92. Rxe4+ Kxe4 93. Kxg4 1/2-1/2

[Event "Early-Titled-Tuesday-Blitz-March-05-2024"]
[Site "Chess.com"]
[Date "2024.03.05"]
[Round "1"]
[White "effefe"]
[Black "Leonid_Starozhilov"]
[Result "0-1"]
[WhiteElo "2407"]
[BlackElo "2707"]
[TimeControl "180+1"]
[EndTime "8:09:44 PST"]
[Termination "Leonid_Starozhilov won by resignation"]

1. d4 Nf6 2. c4 g6 3. Nc3 Bg7 4. e4 d6 5. Be2 O-O 6. Be3 Nc6 7. d5 Ne5 8. h3 c6 9. f4 Ned7 10. Nf3 cxd5 11. exd5 Nc5 12. O-O Nce4 13. Bd4 Nxc3 14. Bxc3 Bf5 15. Nd4 Ne4 16. Nxf5 Nxc3 17. bxc3 gxf5 18.
Qd3 e6 19. Bf3 Rc8 20. Rab1 b6 21. Rfe1 Re8 22. Rbd1 e5 23. Qxf5 Qf6 24. Qxf6 Bxf6 25. Re4 exf4 26. Rxf4 Bxc3 27. Bh5 Rc7 28. Rdf1 Ree7 29.
R1f3 Be5 30. Rg4+ Kf8 31. Kf2 b5 32. cxb5 Rc2+ 33. Kg1 Rc1+ 34. Rf1 Rc2 35. Ra4 Kg7 36. Rg4+ Kf8 37. Ra4 Rec7 38. Bf3 Rb2 39. Ra5 Rcc2 40. Ra6 Rxa2 41. Rxa2 Rxa2 42. Rb1 Ke7 43. Re1 Kd7 44.
Be2 Kc7 45. Bf1 Rc2 46. Rb1 f6 47. Kh1 Kb6 48. Rd1 h5 49. Re1 h4 50. Rd1 Bg3 51. Rb1 Rf2 52. Rd1 Kc5 53. Bd3 Kxd5 54.
Be2+ Ke5 55. Bf3 Rb2 56. Rd5+ Ke6 57. Kg1 Be5 58. Rd1 Rxb5 59. Bg4+ Ke7 60. Rc1 Rc5 61.
Rb1 Rc7 62. Rb3 a5 63. Ra3 Bd4+ 64. Kf1 Ra7 65. Ke2 a4 66. Kd3 Bc5 67. Ra2 a3 68. Kc4 f5 69. Bxf5 Kf6 70. Be4 Ra4+ 71. Kd3 Rd4+ 72.
Ke3 Ke5 73. Bf3 Rd1+ 74. Ke2 Rb1 75. Kd2 Rg1 76. Kd3 Kf4 77. Kc4 Kg3 78. Kd5 Rf1 79.
Kc4 Rxf3 80. gxf3 Kxf3 81. Kb3 Kg3 82. Re2 Kxh3 83. Kc4 Kg3 84. Re8 h3 85. Rg8+ Kf3 86.
Rh8 Kg2 87. Rg8+ Kf1 88. Rh8 a2 89. Ra8 h2 90. Rxa2 h1=Q 91. Ra1+ Kg2 92. Rxh1 Kxh1 93. Kd5 Kg2 94. Ke4 Kg3 95. Kd5 Kf4 96. Ke6 Ke4 97. Kf6 d5 0-1

[Event "Early-Titled-Tuesday-Blitz-March-05-2024"]
[Site "Chess.com"]
[Date "2024.03.05"]
[Round "1"]
[White "Hui_Li_Macau"]
[Black "Harry_Rakkel"]
[Result "1/2-1/2"]
[WhiteElo "2393"]
[BlackElo "2681"]
[TimeControl "180+1"]
[EndTime "8:09:57 PST"]
[Termination "Game drawn by repetition"]

1. e4 c6 2. d4 d5 3. Nd2 a6 4. c3 Nf6 5. Bd3 dxe4 6. Nxe4 Nxe4 7. Bxe4 Nd7 8. Nf3 Nf6 9. Bd3 Bg4 10. h3 Bh5 11.
Bf4 e6 12. Qe2 Bd6 13. Bxd6 Qxd6 14. Qe5 Rd8 15. Qxd6 Rxd6 16. Ne5 Nd5 17. g3 f6 18.
Nc4 Rd7 19. Be2 Bxe2 20. Kxe2 Kf7 21. Rhe1 Rc8 22. Ne3 Ne7 23. Nc4 Rcc7 24. Ne3 h5 25. h4 b5 26. a4 b4 27. a5 Rb7 28. Ra4 bxc3 29. bxc3 Rb2+ 30. Kf3 c5 31. Re2 Rb3 32. Rc2 cxd4 33. Rxd4 Rxd4 34. cxd4 Nf5 35. Rc7+ Kg6 36.
Ke4 Nd6+ 37. Kf4 Rb4 38. Rc6 Rxd4+ 39. Kf3 e5 40. Rxa6 Ne4 41. Rc6 Ra4 42. a6 Nd2+ 43. Ke2 Nb3 44. Kf1 Nd4 45. Rb6 e4 46. Nd5 Nf3 47.
Kg2 Ra1 48. Nf4+ Kf5 49. Ne2 Ra2 50. Nc3 Ra1 51. Ne2 Kg4 52. Rb7 g5 53. hxg5 fxg5 54.
Rb4 Ne1+ 55. Kh2 Kf3 56. Nc3 Rxa6 57. Nxe4 Ra2 58. Nxg5+ Kxf2 59. Kh3 Nd3 60. Rd4 Ke3 61. Rd8 Nf2+ 62. Kh4 Ra5 63. Re8+ Kd2 64. Kxh5 Nh3 65. Rg8 Ke3 66. Kg4 Nf2+ 67. Kh4 Ra1 68. Re8+ Kd4 69. Nf3+ Kd5 70. Kg5 Rf1 71. Re5+ Kd6 72. Re3 Nh3+ 73. Kg4 Nf2+ 74. Kg5 Nd1 75. Rd3+ Ke6 76. Nd4+ Kf7 77. Nf3 Rf2 78. Ne5+ Ke6 79. Rxd1 Kxe5 80. g4 Ke6 81. Re1+ Kf7 82. Kh5 Ra2 83. Re5 Ra6 84. Rb5 Kg7 85.
Kg5 Kg8 86. Rb7 Rc6 87. Kh5 Ra6 88. g5 Rc6 89. Kg4 Rc4+ 90. Kf5 Rc6 91. Ke5 Rc5+ 92.
Kf6 Rc6+ 93. Kf5 Rc5+ 94. Kf6 Rc6+ 95. Kf5 Rc5+ 96. Kf6 1/2-1/2

[Event "Early-Titled-Tuesday-Blitz-March-05-2024"]
[Site "Chess.com"]
[Date "2024.03.05"]
[Round "1"]
[White "AlexandraSamaganova"]
[Black "sathvikadiga"]
[Result "1-0"]
[WhiteElo "2310"]
[BlackElo "2591"]
[TimeControl "180+1"]
[EndTime "8:10:15 PST"]
[Termination "AlexandraSamaganova won by checkmate"]

1. c4 Nf6 2. Nc3 g6 3. g3 Bg7 4.
Bg2 d6 5. Nf3 O-O 6. O-O Nc6 7. d3 e5 8. h3 h6 9. Rb1 Be6 10. Ne1 Qd7 11. Kh2 a5 12. a3 Rfb8 13. b4 axb4 14. axb4 Ne7 15. b5 c6 16. Nc2 Nf5 17. Bd2 h5 18. Ra1 h4 19. g4 Nd4 20. e3 Nxc2 21. Qxc2 d5 22. bxc6 bxc6 23. cxd5 cxd5 24. Rxa8 Rxa8 25. Rb1 Rc8 26. Qa4 Qd6 27. Nb5 Qd7 28. Qa7 Qxa7 29. Nxa7 Rc2 30. Be1 Bf8 31. Kg1 Kg7 32. Nb5 Bc5 33. Bc3 Nd7 34. Ba1 f6 35. d4 Be7 36. dxe5 fxe5 37. f4 Re2 38. Nc7 Bf7 39.
Nxd5 Bxd5 40. Bxd5 Rxe3 41. Bc6 Nf6 42. Bxe5 Kf7 43.
Bg2 Ne8 44. Rb7 Kf8 45. Rb8 Bc5 46. Kh2 Re2 47. Kh1 Bf2 48. Bc6 Kf7 49. Bxe8+ Ke6 50.
Bc6 Bg3 51. Bf3 Rh2+ 52. Kg1 Rf2 53. Rb6+ Kd7 54. Bc6+ Ke7 55. Rb7+ Ke6 56. Bd7+ Kd5 57. Rb5+ Kc4 58. Ra5 Rc2 59. Be6+ Kb4 60. Ra7 Rc1+ 61. Kg2 Rc2+ 62. Kf3 Rf2+ 63. Ke4 Re2+ 64. Kd5 Rc2 65.
Rb7+ Ka3 66. Bd6+ Ka4 67. Bd7+ Ka5 68. Ra7+ Kb6 69. Ra3 Rd2+ 70. Ke6 Re2+ 71. Kf6 Rd2 72. Rb3+ Ka6 73. Ke7 Re2+ 74. Be6 Rc2 75. Kd7 Ka5 76. Ra3+ Kb5 77. Rb3+ Ka4 78. Rb7 Rc3 79. Bd5 Bf2 80. Bc6+ Ka5 81. Bb4+ Ka6 82. Bxc3 Bb6 83. Rxb6+ Kxb6 84.
Be4 g5 85. Be1 gxf4 86. Bxh4 Kc5 87. Bg5 Kd4 88. Bf5 f3 89. Be6 f2 90. Be3+ Kxe3 91. Bc4 Kf3 92. g5 Kg3 93. g6 Kh4 94. g7 f1=Q 95.
Bxf1 Kh5 96. g8=Q Kh6 97. Qg4 Kh7 98. Ke7 Kh8 99. Kf7 Kh7 100. Qh5# 1-0

[Event "Early-Titled-Tuesday-Blitz-March-05-2024"]
[Site "Chess.com"]
[Date "2024.03.05"]
[Round "1"]
[White "Mops_2004"]
[Black "iJueles"]
[Result "1/2-1/2"]
[WhiteElo "2847"]
[BlackElo "2479"]
[TimeControl "180+1"]
[EndTime "8:10:48 PST"]
[Termination "Game drawn by stalemate"]

1. g3 d5 2. Nf3 Nf6 3. Bg2 c6 4. O-O Bg4 5. h3 Bxf3 6. Bxf3 Nbd7 7. d3 e6 8. Bg2 Be7 9. e4 O-O 10. Qe2 a5 11. a4 Qc7 12. Kh1 Rfe8 13. f4 e5 14. f5 dxe4 15. dxe4 Nf8 16. Nd2 Rad8 17.
g4 N6d7 18. Nf3 Nb6 19. g5 g6 20. Nh2 Bc5 21. Ng4 Nfd7 22. fxg6 fxg6 23. Nh6+ Kg7 24. Rf7+ Kh8 25. Bd2 Nc8 26. Raf1 Bf8 27. Bc3 Nd6 28.
Qg4 Bxh6 29. gxh6 Nxf7 30. Rxf7 Qd6 31. Bxa5 b6 32. Bc3 Re7 33. Rf1 Kg8 34. Qg5 Rf8 35. Rxf8+ Nxf8 36. Bf1 Nd7 37. Bc4+ Kf8 38. Qg4 Ke8 39. Qf3 Qf6 40. Qg3 Nc5 41. Qg4 Ne6 42. b4 Kd7 43. b5 Kc7 44. bxc6 Kxc6 45. Bd5+ Kc7 46. Bb4 Nc5 47. a5 Rd7 48. axb6+ Kxb6 49. Qg1 Rc7 50. Qb1 Qf3+ 51. Kh2 Qf2+ 52. Kh1 Ka6 53. Bc4+ Ka7 54. Qa1+ Kb8 55. Bf1 Nxe4 56. Bg2 Ng3+ 57.
Kh2 Nf1+ 58. Qxf1 Qxf1 59. Bxf1 Rxc2+ 60. Kg3 Kc7 61. Bd3 Rb2 62. Bc5 Rb3 63. Kf3 Rxd3+ 64. Ke4 Rxh3 65. Bf8 Kd7 66. Kxe5 Ke8 67. Bg7 Kf7 68.
Kf4 Rb3 69. Ke5 Rb5+ 70. Kf4 Rf5+ 71. Kg4 Rd5 72. Kf4 Kg8 73. Kg4 Rd7 74. Bf6 Kf7 75. Bg7 Ke6 76. Kf4 Rc7 77. Kg4 Rc4+ 78. Kg5 Rc5+ 79.
Kg4 Rf5 80. Bh8 Kd5 81. Bg7 Ke4 82. Bh8 Rh5 83. Bg7 Rf5 84. Bh8 Rf3 85. Bg7 Rf1 86. Kg5 Rf5+ 87. Kg4 Kd5 88. Bh8 Ke6 89. Bg7 g5 90.
Bh8 Rd5 91. Bg7 Kf7 92. Kh5 Rf5 93. Bh8 g4+ 94. Kxg4 Kg6 95. Bg7 Rb5 96. Kf4 Rb4+ 97. Kg3 Kf5 98. Kh3 Kg5 99. Kg3 Rb3+ 100. Kg2 Kf4 101.
Kh2 Ra3 102. Kg2 Rd3 103. Kf2 Rd2+ 104. Ke1 Ke3 105. Kf1 Rc2 106. Kg1 Kf3 107. Bh8 Kg3 108. Kf1 Kf3 109. Ke1 Ke3 110. Kd1 Kd3 111. Bg7 Rh2 112. Ke1 Rg2 113. Kf1 Rh2 114. Kg1 Re2 115. Kf1 Ke3 116. Bh8 Kf3 117. Bg7 Rh2 118. Ke1 Rh3 119. Kd1 Rg3 120. Ke1 Rg6 121. Kd1 Kg4 122. Ke2 Kg5 123. Kf3 Rxh6 124. Bxh6+ Kxh6 125.
Kg2 Kg5 126. Kh1 Kh4 127. Kg1 Kg3 128. Kh1 h5 129. Kg1 h4 130. Kh1 h3 131. Kg1 h2+ 132. Kh1 Kh3 1/2-1/2

[Event "Early-Titled-Tuesday-Blitz-March-05-2024"]
[Site "Chess.com"]
[Date "2024.03.05"]
[Round "1"]
[White "lucasran"]
[Black "MAGMAchess02"]
[Result "1-0"]
[WhiteElo "2601"]
[BlackElo "2276"]
[TimeControl "180+1"]
[EndTime "8:10:49 PST"]
[Termination "lucasran won on time"]

1. Nf3 Nf6 2. c4 c5 3. g3 Nc6 4. Bg2 d5 5. cxd5 Nxd5 6. Nc3 Nc7 7. d3 e5 8. Nd2 Be7 9. Nc4 f6 10. O-O O-O 11. Bxc6 bxc6 12. Be3 Nd5 13. Qd2 Nxe3 14. Qxe3 Be6 15. b3 Qd4 16. Qxd4 cxd4 17. Na4 Rab8 18. Rac1 Bb4 19. Rc2 Rfc8 20. Nd2 Bd5 21. Nc5 Rb5 22. Na4 f5 23. Nf3 Bd6 24. Rfc1 Ba3 25. Rd1 Bd6 26. Nb2 h6 27. Nc4 Bxc4 28. Rxc4 Kf7 29. Rdc1 Rb6 30. Ra4 Rc7 31. Nd2 Ke6 32. Nc4 Rb5 33. Ra6 Bb4 34.
Nb2 Bc3 35. Na4 Ra5 36. Rxa5 Bxa5 37. Rc4 Kd6 38. Nc5 Bb6 39. Na4 c5 40. f3 Ba5 41.
Rc2 Bb4 42. Nb2 Kd5 43. Nc4 e4 44. fxe4+ fxe4 45. Kg2 e3 46. Rc1 Rf7 47. Rf1 Rxf1 48. Kxf1 a5 49. a4 Ke6 50. Kg2 Kf5 51. Kf3 g5 52. g4+ Kf6 53. Ke4 Ke6 54. h3 Be1 55. Ne5 Bg3 56. Nc6 Bc7 57. Na7 Bb6 58. Nb5 Bd8 59.
Na3 Bb6 60. Nc4 Bc7 61. Nb2 Bb6 62. Nc4 Bc7 63. Na3 Bb6 64. Kf3 Bd8 65. Kg3 Bc7+ 66.
Kg2 Bd8 67. Nb5 Bb6 68. Kg3 Ke5 69. h4 Bd8 70. hxg5 hxg5 71. Kf3 Bb6 72. Na3 Bc7 73. Nc4+ Kd5 74. Na3 Bd8 75. Nb5 Bb6 76. Kg3 Bd8 77.
Kg2 Bb6 78. Kf3 Bd8 79. Na3 Bb6 80. Nc2 Bc7 81. Ne1 Bf4 82. Kg2 Be5 83. Kh3 Bf4 84. Nc2 Bc7 85. Kg2 Bf4 86. Kf3 Bc7 87. Ne1 Bf4 88. Kg2 Bc7 89. Nf3 Bf4 90. Kf1 Kd6 91.
Ke1 Kd5 92. Kd1 Kd6 93. Ng1 Kd5 94. Nh3 Ke5 95. Ke1 Bg3+ 96. Kf1 Bh4 97. Kg2 Kd5 98.
Kf3 Ke5 99. Kg2 Kd5 100. Ng1 Bf2 101. Nf3 Bh4 102. Kh3 Be1 103. Nxe1 1-0

[Event "Early-Titled-Tuesday-Blitz-March-05-2024"]
[Site "Chess.com"]
[Date "2024.03.05"]
[Round "2"]
[White "whiteglovethief"]
[Black "cristiano78"]
[Result "0-1"]
[WhiteElo "2470"]
[BlackElo "2256"]
[TimeControl "180+1"]
[EndTime "8:12:31 PST"]
[Termination "cristiano78 won by resignation"]

1. d4 Nf6 2. c4 g6 3. Nc3 Bg7 4. e4 d6 5. Nf3 O-O 6. Be2 e5 7. Kf1 Nc6 8. d5 Ne7 9. h4 h5 10. Bg5 Nh7 11. Nd2 f6 12. Be3 f5 13. f3 fxe4 14.
Ndxe4 Nf5 15. Bg5 Nxg5 16. hxg5 Ne3+ 0-1

[Event "Early-Titled-Tuesday-Blitz-March-05-2024"]
[Site "Chess.com"]
[Date "2024.03.05"]
[Round "2"]
[White "Alonmindlin"]
[Black "jimmy-schlumpf"]
[Result "1-0"]
[WhiteElo "2662"]
[BlackElo "2329"]
[TimeControl "180+1"]
[EndTime "8:13:34 PST"]
[Termination "Alonmindlin won by resignation"]

1. e4 c6 2. c4 d5 3. cxd5 cxd5 4.
exd5 a6 5. Nc3 Nf6 6. d4 b5 7. a3 Bb7 8. Nf3 Nxd5 9. Bd3 e6 10. O-O Be7 11. Qe2 O-O 12. Rd1 Nd7 13. Be3 Nxe3 14.
fxe3 Re8 15. Rac1 e5 16. dxe5 Bf8 17. Bf5 Bc8 18. Qd3 Ra7 19. Bxh7+ Kh8 20. Qf5 Nf6 21.
Rxd8 Bxf5 22. Rxe8 Nxe8 23. Bxf5 1-0

[Event "Early-Titled-Tuesday-Blitz-March-05-2024"]
[Site "Chess.com"]
[Date "2024.03.05"]
[Round "2"]
[White "StrackedAktonamee"]
[Black "AlexTruskavetsky"]
[Result "0-1"]
[WhiteElo "2417"]
[BlackElo "2693"]
[TimeControl "180+1"]
[EndTime "8:13:35 PST"]
[Termination "AlexTruskavetsky won by resignation"]

1. e4 c5 2. Nf3 Nc6 3. d4 cxd4 4. Nxd4 Nf6 5. Nc3 e6 6. Nxc6 bxc6 7. e5 Nd5 8. Ne4 f5 9. exf6 Nxf6 10. Nd6+ Bxd6 11. Qxd6 Qb6 12. Bd3 c5 13. Bf4 Qxb2 14. O-O Qd4 15. Qxd4 cxd4 16. Rab1 O-O 17. Bd6 Re8 18.
Be5 a5 19. Bxd4 e5 20. Rfe1 exd4 21. Rxe8+ Nxe8 22. Be4 Ra7 23. Rb8 Rc7 24. Rb5 Nd6 0-1

[Event "Early-Titled-Tuesday-Blitz-March-05-2024"]
[Site "Chess.com"]
[Date "2024.03.05"]
[Round "2"]
[White "JonSnowNW1"]
[Black "Nikolakis2014"]
[Result "1-0"]
[WhiteElo "2545"]
[BlackElo "2755"]
[TimeControl "180+1"]
[EndTime "8:13:47 PST"]
[Termination "JonSnowNW1 won by resignation"]

1. c4 Nf6 2. Nc3 e6 3. e4 d5 4. e5 d4 5. exf6 dxc3 6. bxc3 Qxf6 7. Be2 Nd7 8. d4 b6 9. Bf3 Rb8 10. Ne2 Bb7 11. Bxb7 Rxb7 12. O-O Bd6 13. Qa4 c5 14. Qc6 1-0

[Event "Early-Titled-Tuesday-Blitz-March-05-2024"]
[Site "Chess.com"]
[Date "2024.03.05"]
[Round "2"]
[White "maximnovik"]
[Black "Oleksandr_Bortnyk"]
[Result "0-1"]
[WhiteElo "2610"]
[BlackElo "2970"]
[TimeControl "180+1"]
[EndTime "8:14:03 PST"]
[Termination "Oleksandr_Bortnyk won by resignation"]

1. e4 Nf6 2. e5 Nd5 3. d4 d6 4.
Nf3 dxe5 5. Nxe5 c6 6. Bd3 Nd7 7. Nf3 N7f6 8. h3 Nb4 9. Be2 Bf5 10. Na3 e6 11. O-O Bd6 12. Nh4 Be4 13. c3 Nbd5 14. Nc4 Bc7 15. Ne5 Bxe5 16. dxe5 Nd7 17. g3 g5 18. Ng2 Bxg2 19. Kxg2 Nxe5 20. Qd4 Ng6 21. c4 Ndf4+ 0-1

[Event "Early-Titled-Tuesday-Blitz-March-05-2024"]
[Site "Chess.com"]
[Date "2024.03.05"]
[Round "2"]
[White "Harry_Rakkel"]
[Black "Grindaveci"]
[Result "1-0"]
[WhiteElo "2684"]
[BlackElo "2406"]
[TimeControl "180+1"]
[EndTime "8:14:04 PST"]
[Termination "Harry_Rakkel won by resignation"]

1. e4 e5 2. Nf3 Nc6 3. Bc4 Nf6 4. Ng5 d5 5. exd5 Na5 6. Bb5+ c6 7. dxc6 bxc6 8.
Bd3 Nd5 9. h4 h6 10. Qh5 Qf6 11. Nh7 Rxh7 12. Bxh7 g6 13. Qe2 Qg7 14. d4 Be6 15.
Bd2 exd4 16. Bxa5 d3 17. cxd3 1-0

[Event "Early-Titled-Tuesday-Blitz-March-05-2024"]
[Site "Chess.com"]
[Date "2024.03.05"]
[Round "2"]
[White "mishanick"]
[Black "Leo_C"]
[Result "1-0"]
[WhiteElo "3067"]
[BlackElo "2627"]
[TimeControl "180+1"]
[EndTime "8:14:32 PST"]
[Termination "mishanick won by resignation"]

1. d4 Nf6 2. c4 e6 3. Nf3 d5 4. Nc3 Bb4 5. Bg5 h6 6. Bxf6 Qxf6 7. Qa4+ Nc6 8. e3 O-O 9. Be2 Rd8 10. O-O dxc4 11. Qb5 Bd6 12. Qxc4 a6 13. Ne4 Qe7 14. Rac1 e5 15. d5 Nb8 16. Nxd6 cxd6 17. Qxc8 Rxc8 18.
Rxc8+ Kh7 19. Rfc1 g6 20. R1c7 Qf6 21. Rxb7 Qf5 22. e4 1-0

[Event "Early-Titled-Tuesday-Blitz-March-05-2024"]
[Site "Chess.com"]
[Date "2024.03.05"]
[Round "2"]
[White "Sjakkerntobi"]
[Black "MikeSailer"]
[Result "1-0"]
[WhiteElo "2463"]
[BlackElo "2175"]
[TimeControl "180+1"]
[EndTime "8:14:32 PST"]
[Termination "Sjakkerntobi won by resignation"]

1. e4 d5 2. exd5 Qxd5 3. Nc3 Qd6 4. d4 c6 5. Bc4 Nf6 6. Nge2 Bg4 7. h3 Bh5 8. Qd3 e6 9. Bf4 Qd8 10. O-O Bd6 11. Qg3 Bxf4 12. Nxf4 Bg6 13. Bxe6 O-O 14. Nxg6 hxg6 15. Bb3 Qxd4 16. Qxg6 Nd5 17. Bxd5 cxd5 18. Qg5 Qb4 19. Nxd5 1-0

[Event "Early-Titled-Tuesday-Blitz-March-05-2024"]
[Site "Chess.com"]
[Date "2024.03.05"]
[Round "2"]
[White "AradNazari"]
[Black "stoleriu"]
[Result "1-0"]
[WhiteElo "2850"]
[BlackElo "2563"]
[TimeControl "180+1"]
[EndTime "8:14:37 PST"]
[Termination "AradNazari won by resignation"]

1. e4 e6 2. d4 d5 3. Nd2 Be7 4. Ngf3 Nf6 5. Bd3 c5 6. dxc5 dxe4 7. Bxe4 Nxe4 8. Nxe4 Qxd1+ 9. Kxd1 Na6 10. Be3 Bd7 11. Ne5 Rc8 12. Nd3 Bc6 13. Nd6+ Bxd6 14. cxd6 Bxg2 15. Rg1 Bf3+ 16. Kd2 Rg8 17. d7+ Kxd7 18. Ne5+ Ke7 19. Nxf3 Rgd8+ 20. Ke1 Nb4 21. Rc1 Nxc2+ 22. Ke2 Nxe3 23. fxe3 g6 24. h4 h6 25. Rgf1 a6 26.
Ne5 Rxc1 27. Rxc1 Kf6 28. Ng4+ Kg7 29. Rc7 h5 30. Ne5 Rd5 31. Nxf7 Rb5 32. Ng5+ Kf6 33. b3 Kf5 34. Kf3 a5 35. Nf7 Rd5 36. e4+ 1-0

[Event "Early-Titled-Tuesday-Blitz-March-05-2024"]
[Site "Chess.com"]
[Date "2024.03.05"]
[Round "2"]
[White "Kotofeyca"]
[Black "xiaopang123"]
[Result "1-0"]
[WhiteElo "2457"]
[BlackElo "2130"]
[TimeControl "180+1"]
[EndTime "8:14:41 PST"]
[Termination "Kotofeyca won by resignation"]

1. d4 d5 2. c4 c6 3. Nc3 Nf6 4.
cxd5 cxd5 5. Bf4 Nc6 6. e3 a6 7. Nf3 Bf5 8. Ne5 e6 9. Qa4 Qa5 10. Nxc6 Qxa4 11. Nxa4 bxc6 12. a3 Nd7 13. Rc1 f6 14.
Rxc6 e5 15. Bg3 a5 1-0

[Event "Early-Titled-Tuesday-Blitz-March-05-2024"]
[Site "Chess.com"]
[Date "2024.03.05"]
[Round "2"]
[White "ChristianArca"]
[Black "Matols"]
[Result "1-0"]
[WhiteElo "2701"]
[BlackElo "2395"]
[TimeControl "180+1"]
[EndTime "8:14:45 PST"]
[Termination "ChristianArca won by resignation"]

1. d4 d5 2. Bf4 Nf6 3. e3 c5 4.
dxc5 Nc6 5. Bb5 Bd7 6. Nf3 e6 7. O-O Bxc5 8. c4 dxc4 9. Bxc4 O-O 10. Nc3 Qe7 11. a3 a6 12. b4 Ba7 13. Bd6 Qe8 14. Bxf8 Qxf8 15. Qe2 Rd8 16. Rfd1 Qe7 17. h3 b5 18. Bb3 h6 19. Rd2 Bc8 20. Rad1 Bb7 21.
Rxd8+ Nxd8 22. Ne5 Qc7 23. Qd3 Qxe5 24. Qxd8+ Kh7 25.
Bc2+ g6 26. Qe7 1-0